 BcadrenCrawl: Boulder Brew version 0.04.2-3-g40356c7de1 (webtiles) character file.

Game seed: 16418950826186009354, levelgen mode: deterministic

2805 gruber the Fighter (level 9, -4/85 HPs) Magenta Draconian Demonspawn. Began on Apr 27, 2021. Was an Initiate of Makhleb. Slain by a killer bee zombie (7 damage) ... on level 5 of the Dungeon. The game lasted 00:13:16 (4564 turns).

gruber the Fighter (Magenta Draconian Demonspawn)   Turns: 4564, Time: 00:13:17

Health: -4/85      AC: 11    Str: 16    XL:     9 ^: 1520
Magic:  15/15      EV: 14    Int: 17    God:    Makhleb [0* [20]]
Gold:   216        SH:  0    Dex: 10    Spells: 13/16 levels left

rFire    . . .     Vision   .   a - +0 morningstar
rCold    . . .     Gourm    .   g - +1 whip (freeze)
rNeg     . . .     Faith    .   (armour unavailable)
rPois    .         Spirit   .   (helmet restricted)
rElec    .         Reflect  .   (no cloak)
rCorr    .         Harm     .   (no gloves)
MR       +....                  (no boots)
Stlth    ++........             (no amulet)
HPRegen  0.38/turn              d - ring of protection from magic
MPRegen  0.25/turn              (no ring)

@: lethally poisoned (-4 -> -5), marked, very slightly contaminated, repel
missiles
A: no body armour, unfitting armour, antennae 2, molten scales 2, demonic
guardian 1, cold-blooded, charms enhancer 1, rMsl, AC +8
a: Breathe Fog, Renounce Religion


You were on level 5 of the Dungeon.
You worshipped Makhleb.
Makhleb was noncommittal.
You were near starving.

You visited 2 branches of the dungeon, and saw 6 of its levels.

You collected 216 gold pieces.

Inventory:

Weapons
 a - a +0 morningstar (weapon)
 g - a +1 whip of freezing (weapon)
Jewellery
 d - a ring of protection from magic (left hand)
 f - an uncursed ring of ice
Wands
 l - a wand of flame (21)
 r - a wand of random effects (2)
Scrolls
 b - 8 scrolls of teleportation
 e - 3 scrolls of blinking
 h - 3 scrolls of enchantment
 i - 2 scrolls of fog
 q - a scroll of magic mapping
Potions
 j - a potion of heal wounds
 k - a potion of haste
 m - a potion of ambrosia
 n - 2 potions of curing
 o - a potion of berserk rage
Comestibles
 c - 13 rations


   Skills:
 - Level 10.1 Fighting
 - Level 1.5 Maces & Staves
 - Level 6.3 Dodging
 - Level 1.3 Stealth
 - Level 4.2 Spellcasting
 - Level 0.4 Translocations
 - Level 1.5 Fire Magic
 * Level 7.6 Invocations


You had 13 spell levels left.
You knew the following spells:

 Your Spells              Type           Power        Failure   Level  Hunger
a - Flame Tongue          Fire           8 (30)       9%          1    None
b - Blink                 Tloc           N/A          19%         2    ##.....

Your spell library contained the following spells:

 Spells                   Type           Power        Failure   Level  Hunger
 Call Imp                 Summ           3 (100)      24%         2    ##.....
 Slow                     Hex            3 (100)      24%         2    ##.....
 Conjure Flame            Fire           8 (100)      24%         3    ###....
 Mephitic Cloud           Pois/Air       3 (100)      43%         3    ###....


Dungeon Overview and Level Annotations

Branches:
Dungeon (5/8)              Temple (1/1) D:4
   Lair: D:5

Altars:
Ashenzari
Cheibriados
Dithmenos
Elyvilon
Fedhas Madash
Hepliaklqana
Kikubaaqudgha
Makhleb
Nemelex Xobeh
Okawaru
Ru
Trog
Uskayaw
Wu Jian
Xom
Yredelemnul
Zin
The Shining One

Shops:
D:3 :


Innate Abilities, Weirdness & Mutations

You cannot fit into any form of body armour.
Your hazy amethyst scales are resilient. (AC +8)
You can breathe clouds of thick fog.
You have a pair of antennae on your head.
You are mostly covered in molten scales. (AC +3)
A weak demonic guardian rushes to your aid.
You are cold-blooded and may be slowed by cold attacks.
You are in touch with the powers of charms.
Your hazy amethyst scales passively repel missiles. (rMsl)


Message History

The hound zombie is caught in the net!
The adder zombie blinks!
Your iron imp blinks!
Your white imp blinks!
You blink.
You hear a shout!
You hear an angry hiss.
You hear a shout!
You hear a bellow! x3
You hear an angry hiss.
You hear a screech!
You hear a bellow!
You hear a howl!
You hear a shout! x6; You hear an angry hiss.
You hear a shout! x3
Your white imp disappears in a puff of smoke!
Something bites your iron imp but does no damage.
An adder skeleton comes into view.
The hound zombie struggles against the net.
You hear a shout! x3; You hear an angry hiss.
You hear a shout! x5
Unknown command.
You hear a shout!
The hound zombie struggles against the net.
The killer bee zombie closely misses you (0).
You feel sick. (1)
The killer bee zombie closely misses you (0).
The killer bee zombie barely misses you (0).
The killer bee zombie hits you (7)!
You die...

##.#.## #.§§^§#
#.§Z.§# #####§#§.Z#
#...§....##
#####)######{#
#<.........#.#
##......##.#{#
#.###.@5#.#.######
#......Z.Z...Z.....
#)#....##.#.#######
#.#.#.....#...
#.#.##############
##.#..............#
#........#...§......
#..........#.#.#.#.#
#..####..#§........


You could see an adder zombie, a killer bee zombie, an adder skeleton and a
friendly iron imp.

Vanquished Creatures
  Sonja (D:5)
  Pikel (D:2)
  Purgy (D:2)
  A sky beast (D:4)
  An ice beast (D:5)
  3 ogres
  A big kobold (D:3)
  A hornet zombie (D:4)
  A crimson imp (D:3)
  A hound (D:4)
  A jelly (D:2)
  4 orc wizards
  Terence (D:2)
  An iguana (D:4)
  7 worker ants
  A wyvern zombie (D:4)
  7 giant cockroaches
  2 bullfrog zombies (D:4)
  5 adders
  22 sewer rats (D:2)
  2 white imps (D:4)
  10 cinder newts
  A worm (D:2)
  2 oozes
  A dart slug (D:1)
  3 leopard geckos
  18 orcs
  An adder skeleton (D:3)
  2 ball pythons (D:2)
  A cinder newt skeleton (D:2)
  4 goblins (D:1)
  2 hobgoblins (D:1)
  7 jackals (D:3)
  5 quokkas
  4 bats
  A hobgoblin skeleton (D:2)
  5 kobolds
  2 rats (D:1)
  A slave (D:2)
  2 withered plants (D:2)
137 creatures vanquished.

Vanquished Creatures (collateral kills)
  Psyche (D:4)
  An ogre (D:5)
  A crocodile (D:2)
  A big kobold (D:2)
  A centaur (D:4)
  A jelly (D:2)
  A wyvern skeleton (D:3)
  A sewer rat (D:2)
  An orc (D:4)
  A bat (D:1)
  A kobold (D:2)
  4 withered plants (D:2)
15 creatures vanquished.

Vanquished Creatures (others)
  A giant cockroach (D:2)
  A worm (D:2)
  2 leopard geckos (D:2)
  A ball python (D:2)
  A kobold skeleton (D:2)
  A slimehead (D:2)
  141 withered plants (D:2)
148 creatures vanquished.

Grand Total: 300 creatures vanquished

Notes
Turn   | Place    | Note
-------+----------+-------------------------------------------
     0 | D:1      | gruber the Immature Draconian Demonspawn began the quest
                  | for the Orb.
     0 | D:1      | Reached XP level 1. HP: 16/16 MP: 3/3
    32 | D:1      | Reached skill level 2 in Fighting
    45 | D:1      | Gained mutation: A weak demonic guardian rushes to your
                  | aid. [demonic ancestry]
    45 | D:1      | Reached XP level 2. HP: 24/25 MP: 4/4
    55 | D:1      | Reached skill level 3 in Fighting
   133 | D:1      | Gained mutation: You are partially covered in molten
                  | scales. (AC +2) [demonic ancestry]
   133 | D:1      | Reached XP level 3. HP: 32/33 MP: 5/5
   175 | D:1      | Reached skill level 4 in Fighting
   572 | D:2      | Noticed Purgy
   580 | D:2      | Reached skill level 5 in Fighting
   580 | D:2      | Reached XP level 4. HP: 32/42 MP: 6/6
   688 | D:2      | Reached skill level 6 in Fighting
   692 | D:2      | Reached XP level 5. HP: 45/51 MP: 7/7
   716 | D:2      | Noticed Pikel
   742 | D:2      | Killed Pikel
   742 | D:2      | Reached skill level 8 in Fighting
   742 | D:2      | Reached XP level 6. HP: 45/62 MP: 8/8
   777 | D:2      | Noticed Terence
   781 | D:2      | Killed Terence
   788 | D:2      | Killed Purgy
   788 | D:2      | Reached skill level 9 in Fighting
   788 | D:2      | Your scales start taking on a hazy amethyst colour.
   788 | D:2      | Reached XP level 7. HP: 45/70 MP: 9/9
   788 | D:2      | Gained mutation: You are mostly covered in molten scales.
                  | (AC +3) [demonic ancestry]
   788 | D:2      | Gained mutation: Your hazy amethyst scales passively repel
                  | missiles. (rMsl) [Magenta Draconian growth]
   788 | D:2      | Gained mutation: You are in touch with the powers of
                  | charms. [Magenta Draconian growth]
   875 | D:2      | Found an ornate altar of the Wu Jian Council.
  1064 | D:2      | Found an iron altar of Okawaru.
  1136 | D:2      | Reached skill level 10 in Fighting
  1377 | D:2      | Found a faded altar of an unknown god.
  1726 | D:2      | Found a bloodstained altar of Trog.
  1728 | D:2      | Found a shattered altar of Ashenzari.
  1907 | D:2      | Gained mutation: You have a pair of small antennae on your
                  | head. [demonic ancestry]
  1907 | D:2      | Reached XP level 8. HP: 41/79 MP: 10/10
  2223 | D:3      | Identified the cursed amulet of Viang {+Blink Regen+,
                  | (Curse: *Tele Fragile MR-)}
  2484 | D:3      | Found Hithynte's Book Boutique.
  2830 | D:3      | Reached skill level 5 in Dodging
  2982 | D:4      | Found a snail-covered altar of Cheibriados.
  3056 | D:4      | Found a hide-covered altar of Uskayaw.
  3104 | D:4      | Noticed Psyche
  3113 | D:4      | Killed Psyche
  3131 | D:4      | Identified the cursed ring "Isutow" {*Slow rPois rF+
                  | Stlth+, (Curse: Fragile)}
  3144 | D:4      | Learned a level 2 spell: Blink
  3247 | D:4      | Found a staircase to the Ecumenical Temple.
  3266 | D:4      | Gained mutation: You have a pair of antennae on your head.
                  | [demonic ancestry]
  3266 | D:4      | Reached XP level 9. HP: 64/85 MP: 12/14
  3453 | Temple   | Entered the Ecumenical Temple
  3693 | Temple   | Became a worshipper of Makhleb the Destroyer
  4083 | D:4      | Found a glowing golden altar of the Shining One.
  4335 | D:5      | Entered Level 5 of the Dungeon
  4342 | D:5      | Noticed Sonja
  4402 | D:5      | Found a white marble altar of Elyvilon.
  4416 | D:5      | Reached skill level 5 in Invocations
  4552 | D:5      | Killed Sonja
  4555 | D:5      | Identified the cursed ring "Diuff" {rN+ Dex+4, (Curse:
                  | Fragile)}
  4558 | D:5      | HP: 2/85 [adder zombie (4)]
  4564 | D:5      | Slain by a killer bee zombie

Levels and vault maps discovered:
D:1:      dpeg_arrival_tiny_k, layout_rooms, first_ration
D:2:      layout_sewer, okawaru_ov_weapons_minmay,
          gammafunk_temple_overflow_statue, old_standard_altar,
          chequers_ecumenical_altar_twisty, serial_park, uniq_terence,
          uniq_purgy, uniq_pikel
D:3:      layout_cave_pods, serial_shops,
          nicolae_shop_competitors_out_of_business, blue_anna_alchemist
          [blue_anna_fruit_fields, blue_anna_fruit_fields]
D:4:      layout_stronghold, tso_oasis_becter, cheibriados_altar_1,
          lemuel_doored_altar, temple_green, uniq_psyche
D:5:      layout_basic, lemuel_coloured_pillars_altar, elyvilon_altar_5,
          david_lair_shrubbed, basic_altar, serial_shops, kennysheep_mini_moat,
          shop, nicolae_shop_statue_plus, enter_ossuary_1,
          ossuary_boxes_badplayer, uniq_sonja
Temple:   dpeg_chambers_temple

Skill      XL: |  1  2  3  4  5  6  7  8  9 |
---------------+----------------------------+-----
Fighting       | 2 3 5 6 8 9 10 | 10.1
Dodging        | 3 6 |  6.3
Spellcasting   | 3 4 |  4.2
Invocations    | 7 |  7.6
Maces & Staves | |  1.5
Stealth        | |  1.3
Translocations | |  0.4
Fire Magic     | |  1.5

Action                   |  1- 3 |  4- 6 |  7- 9 || total
-------------------------+-------+-------+-------++-------
Melee: Morningstar       |    51 |    28 |   210 ||   289
       Unarmed           |    32 |    15 |       ||    47
       Tailslap          |     2 |     4 |    15 ||    21
       Whip              |       |     3 |   132 ||   135
 Abil: Breathe Fog       |       |       |     2 ||     2
 Stab: Sleeping          |       |     1 |     4 ||     5
       Invisible         |       |       |     1 ||     1
  Eat: Chunk             |       |       |    13 ||    13
Armor: Skin              |    19 |    17 |   201 ||   237
Dodge: Dodged            |    30 |    22 |   436 ||   488
       Deflected         |       |       |    10 ||    10
